 Dungeon Crawl Stone Soup version 0.30-a0-702-gdf48620a09 (webtiles) character file.

Game seed: 7615030045586543109

334 octoduck the Cudgeller (level 6, -8/44 HPs)
             Began as a Demonspawn Gladiator on Jan 21, 2023.
             Splashed by a jelly's acid (9 damage)
             ... on level 4 of the Dungeon on Jan 22, 2023.
             The game lasted 00:17:06 (3331 turns).

octoduck the Cudgeller (Demonspawn Gladiator)       Turns: 3331, Time: 00:17:06

Health: -8/44      AC:  6    Str: 16    XL:     6   Next: 27%
Magic:  6/6        EV: 26    Int:  9    God:
Gold:   124        SH:  0    Dex: 15    Spells: 5/5 levels left

rFire   . . .      SeeInvis .    a - +0 flail
rCold   . . .      Faith    .    (no shield)
rNeg    . . .      Spirit   .    j - +0 ring mail
rPois   .          Reflect  .    c - +0 helmet
rElec   .          Harm     .    (no cloak)
rCorr   .          Rampage  .    (no gloves)
Will    .....      Rage     3%   (no boots)
Stlth   ++                       n - amulet of the acrobat
HPRegen 0.27/turn                l - ring of flight
MPRegen 0.10/turn                (no ring)

@: about to teleport, acrobatic, flying
A: claws 1, powered by pain 1, berserk 1
a: no special abilities


You were on level 4 of the Dungeon.
You visited 1 branch of the dungeon, and saw 7 of its levels.

You collected 124 gold pieces.

Inventory:

Hand Weapons
 a - a +0 flail (weapon)
 i - a +0 mace
 m - a +0 sling
Missiles
 d - a throwing net (quivered)
 e - a javelin
 o - 29 stones
 r - 5 atropa-tipped darts
Armour
 c - a +0 helmet (worn)
 j - a +0 ring mail (worn)
 t - a +0 chain mail
Jewellery
 l - a ring of flight (left claw)
 n - an amulet of the acrobat (around neck)
Wands
 q - a wand of quicksilver (7)
Scrolls
 h - a scroll of brand weapon {unknown}
Potions
 b - 2 potions of berserk rage {unknown}
 g - 2 potions of might
 p - 2 potions of attraction
 s - a potion of curing {unknown}


   Skills:
 - Level 2.0 Fighting
 * Level 5.5 Maces & Flails
 - Level 1.7 Throwing
 - Level 2.6 Dodging
 + Level 3.3 Stealth


You had 5 spell levels left.
You didn't know any spells.
Your spell library was empty.

Dungeon Overview and Level Annotations

Branches:
Dungeon (7/15)             Temple (0/1) D:6

Altars:
Sif Muna


Innate Abilities, Weirdness & Mutations

You have sharp fingernails.
You sometimes gain a little power by taking damage.
You sometimes lose your temper in combat.


Message History

The gnoll bouda gazes fiercely through you!
You feel your attacks grow feeble.
The gnoll bouda hits you with a +2 whip of flaming!
The gnoll bouda burns you.
You hit the gnoll bouda.
The gnoll bouda is severely wounded.
The gnoll bouda misses you.
You hit the gnoll bouda but do no damage.
The gnoll bouda is severely wounded.
The gnoll bouda hits you with a +2 whip of flaming!
* * * LOW HITPOINT WARNING * * *
The gnoll bouda burns you.
* * * LOW HITPOINT WARNING * * *
Okay, then.
As you read the scroll of teleportation, it crumbles to dust.
You feel strangely unstable.
The gnoll bouda mumbles some strange prayers to its god.
The gnoll bouda is healed somewhat.
The gnoll bouda attacks as you move away!
The gnoll bouda hits you with a +2 whip of flaming.
* * * LOW HITPOINT WARNING * * *
The gnoll bouda burns you.
* * * LOW HITPOINT WARNING * * *
Your attacks no longer feel as feeble.
The gnoll bouda attacks as you move away!
The gnoll bouda hits you but does no damage.
Your surroundings suddenly seem different. 3 orcs and a jelly come into view.
Found a scroll of teleportation.
The jelly quivers.
As you read the scroll of teleportation, it crumbles to dust.
You feel strangely unstable.
The orc shouts! x3
The orc barely misses you. The orc hits you but does no damage.
The orc attacks as you move away! The orc closely misses you.
The orc attacks as you move away! The orc closely misses you.
The jelly hits you.
* * * LOW HITPOINT WARNING * * *
You are splashed with acid!
You die...

..... #...#
##..?##
#.....#
#.....#
#.....+
#.....#
#..@J.#
#.##o## # #o#
#.............
#.............
##..##########
#.. ... ...


You could see a jelly and 2 orcs.

Vanquished Creatures
  A bullfrog (D:6)
  2 scorpions (D:5)
  A jelly (D:6)
  A hound (D:7)
  3 adders
  2 gnolls
  A dart slug (D:2)
  An orc (D:3)
  5 ball pythons
  3 endoplasms
  4 giant cockroaches
  5 goblins
  2 hobgoblins (D:1)
  2 quokkas
  7 bats
  3 frilled lizards
  5 kobolds
  7 rats
55 creatures vanquished.

Notes
Turn   | Place    | Note
-------+----------+-------------------------------------------
     0 | D:1      | octoduck the Demonspawn Gladiator began the quest for the
                  | Orb.
     0 | D:1      | Reached XP level 1. HP: 16/16 MP: 1/1
   299 | D:1      | Reached skill level 3 in Maces & Flails
   398 | D:1      | Gained mutation: You sometimes gain a little power by
                  | taking damage. [demonic ancestry]
   398 | D:1      | Reached XP level 2. HP: 22/22 MP: 2/2
   674 | D:1      | Reached skill level 1 in Stealth
  1427 | D:1      | Gained mutation: You have sharp fingernails. [demonic
                  | ancestry]
  1427 | D:1      | Reached XP level 3. HP: 18/27 MP: 3/3
  1537 | D:2      | Found a shimmering blue altar of Sif Muna.
  2457 | D:3      | Reached skill level 4 in Maces & Flails
  2457 | D:3      | Reached XP level 4. HP: 33/33 MP: 4/4
  2481 | D:3      | You are sucked into a shaft and drop 3 floors!
  2574 | D:6      | Noticed a black bear
  2614 | D:7      | Noticed a bullfrog
  2640 | D:6      | HP: 1/33 [bullfrog (6)]
  2641 | D:6      | Killed a bullfrog
  2642 | D:6      | Reached XP level 5. HP: 1/38 MP: 5/5
  2912 | D:5      | Entered Level 5 of the Dungeon
  2952 | D:5      | Reached skill level 5 in Maces & Flails
  3207 | D:6      | Gained mutation: You sometimes lose your temper in combat.
                  | [potion of mutation]
  3212 | D:5      | Reached XP level 6. HP: 37/44 MP: 6/6
  3325 | D:4      | HP: 2/44 [gnoll bouda/+2 whip of flaming (5)]
  3331 | D:4      | HP: 1/44 [jelly (2)]
  3331 | D:4      | Splashed by a jelly's acid

Illustrated notes

Levels and vault maps discovered:
D:1:      dpeg_arrival_triangle_fractal, layout_loops_ring,
          minmay_indecisive_spiral
D:2:      minmay_door_path, layout_basic, basic_altar
D:3:      layout_loops_cross, hellmonk_ecumenical_altar_crossroads
D:4:      layout_gridville, hangedman_abyss_or_decor_slice, eino_tiny_chamber
D:5:      layout_loops_ring, gammafunk_temple_overflow_claw,
          nicolae_tso_carved_into_rock, minmay_misc_feat_hallway,
          sigmund_edmund_badplayer, uniq_blork_the_orc
D:6:      layout_loops_corners, mainiacjoe_overflow_brackets,
          minmay_temple_entry_mini_moons, uniq_maggie
D:7:      layout_rooms, nicolae_sif_muna_little_library,
          nicolae_ossuary_entry_catacombs

Skill      XL: |  1  2  3  4  5 |
---------------+----------------+-----
Maces & Flails | 3 4 5 |  5.5
Stealth        | 1 2 3 |  3.3
Fighting       | |  2.0
Throwing       | |  1.7
Dodging        | |  2.6

Action                   |  1- 3 |  4- 6 || total
-------------------------+-------+-------++-------
Melee: Flail             |   139 |    60 ||   199
       Punch             |     1 |       ||     1
Throw: Throwing net      |     2 |     4 ||     6
Evoke: Wand              |       |     1 ||     1
  Use: Scroll            |     5 |     7 ||    12
       Potion            |       |     2 ||     2
 Stab: Sleeping          |     1 |     1 ||     2
Armor: Leather armour    |    11 |       ||    11
       Ring mail         |    50 |    21 ||    71
Dodge: Dodged            |    86 |    44 ||   130

Table legend: (Time is in decaauts)
 A = Elapsed time spent in this place.
 B = Non-inter-level travel time spent in this place.
 C = Inter-level travel time spent in this place.
 D = Time resting spent in this place.
 E = Time spent auto-exploring this place.
 F = Levels seen in this place.
 G = Mean time per level.
                   A        B        C        D        E       F      G
               +--------+--------+--------+--------+--------+-----+--------+
         Total |   3378 |   3148 |    230 |    758 |    812 |   7 |  482.6 |
       Dungeon |   3378 |   3148 |    230 |    758 |    812 |   7 |  482.6 |
               +--------+--------+--------+--------+--------+-----+--------+

Top non-repeatable levels by time:
     D:1: 1642 daAuts
     D:2: 717 daAuts
     D:6: 439 daAuts
     D:5: 294 daAuts
     D:3: 157 daAuts
     D:7: 93 daAuts
     D:4: 34 daAuts
